 Dungeon Sprint DCSS version 0.27-a0-1332-g84bddb5ca7 (webtiles) character file.

Game seed: 7389649914657198309

457 mhtbhm the Geomancer (level 6, -1/32 HPs)
             Began as a Deep Elf Earth Elementalist on June 25, 2021.
             Was a Believer of Vehumet.
             Killed by mirror damage (21 damage)
             ... in the Dungeon (Sprint IX: "|||||||||||||||||||||||||||||").
             The game lasted 00:01:38 (518 turns).

mhtbhm the Geomancer (Deep Elf Earth Elementalist)   Turns: 518, Time: 00:01:39

Health: -1/32      AC:  3    Str:  5    XL:     6   Next: 77%
Magic:  4/22       EV: 16    Int: 25    God:    Vehumet [**....]
Gold:   0          SH:  0    Dex: 15    Spells: 12/27 levels left

rFire    . . .     SeeInvis .   a - +2 morningstar (protect)
rCold    . . .     Faith    .   (no shield)
rNeg     . . .     Spirit   .   b - +0 robe
rPois    .         Reflect  .   (no helmet)
rElec    .         Harm     .   (no cloak)
rCorr    .         Rampage  .   m - +0 pair of gloves
Will     .....     NoTele   +   (no boots)
Stlth    +++.......             (no amulet)
HPRegen  0.10/turn              n - +3 ring of intelligence
MPRegen  0.18/turn              o - +2 ring of evasion

@: no status effects
A: no striking features
a: Renounce Religion


You were in the Dungeon.
You worshipped Vehumet.
Vehumet was pleased with you.
You visited 1 branch

Inventory:

Hand Weapons
 a - a +2 morningstar of protection (weapon)
Missiles
 i - 13 stones
Armour
 b - a +0 robe (worn)
 m - a +0 pair of gloves (worn)
Jewellery
 n - a +3 ring of intelligence (left hand)
 o - a +2 ring of evasion (right hand)
Wands
 k - a wand of iceblast (10)
Scrolls
 h - 2 scrolls of blinking
 j - 2 scrolls of amnesia
Potions
 c - 5 potions of curing
 d - 3 potions of heal wounds
 e - a potion of haste
 f - 4 potions of magic
 g - a potion of berserk rage
 l - a potion of invisibility


   Skills:
 + Level 0.3 Fighting
 + Level 4.9 Dodging
 + Level 6.0 Stealth
 + Level 11.4 Spellcasting
 + Level 0.2 Conjurations
 + Level 2.1 Transmutations
 + Level 11.4 Earth Magic


You had 12 spell levels left.
You knew the following spells:

 Your Spells              Type           Power      Damage    Failure   Level
a - Sandblast             Erth           100%       2d20      1%          1
b - Passwall              Tmut/Erth      40%        N/A       1%          2
c - Stone Arrow           Conj/Erth      86%        3d12      1%          3
d - Lee's Rapid Deconstr  Erth           32%        3d17*     1%          5
e - Petrify               Tmut/Erth      48%        N/A       2%          4

Your spell library contained the following spells:

 Spells                   Type           Power      Damage    Failure   Level
 Freeze                   Ice            56%        1d7       4%          1


Dungeon Overview and Level Annotations

Branches:
Dungeon (1/1)

Altars:
Cheibriados
Dithmenos
Elyvilon
Fedhas
Gozag
Hepliaklqana
Kikubaaqudgha
Makhleb
Nemelex Xobeh
Okawaru
Qazlal
Ru
Sif Muna
Trog
Uskayaw
Vehumet
Wu Jian
Xom
Yredelemnul
Zin
The Shining One
Beogh
Jiyva
Lugonu


Message History

The blast of petrified fragments hits the death knight.
The death knight is lightly wounded.
The death knight offers itself to Yredelemnul, and fills with unholy energy.
Unknown command.
Unknown command.
Casting: Lee's Rapid Deconstruction (quite dangerous; 1% risk of failure)
Confirm with . or Enter, or press ? or * to list all spells.
Okay, then.
Casting: Lee's Rapid Deconstruction (quite dangerous; 1% risk of failure)
Confirm with . or Enter, or press ? or * to list all spells.
You don't know that spell.
Unknown command.
Unknown command.
Casting: Lee's Rapid Deconstruction (quite dangerous; 1% risk of failure)
Confirm with . or Enter, or press ? or * to list all spells.
The spell is quite dangerous to cast (1% risk of failure)!
Continue anyway?
Aiming: Lee's Rapid Deconstruction (quite dangerous; 1% risk of failure)
Press: ? - help, Dir - move target, f/p - troll Fragment what (e.g. wall or brittle monster)?: a troll (moderately wounded, petrified)
The troll shatters!!
The troll is heavily wounded.
The blast of petrified fragments hits the death knight!!
The death knight is moderately wounded.
The death knight reflects your damage back at you!
Unknown command.
Unknown command.
Unknown command.
Casting: Lee's Rapid Deconstruction (quite dangerous; 1% risk of failure)
Confirm with . or Enter, or press ? or * to list all spells.
The spell is quite dangerous to cast (1% risk of failure)!
Continue anyway?
Aiming: Lee's Rapid Deconstruction (quite dangerous; 1% risk of failure)
Press: ? - help, Dir - move target, f/p - troll Fragment what (e.g. wall or brittle monster)?: a troll (heavily wounded, petrified)
The troll shatters!!
The troll is almost dead.
The blast of petrified fragments hits the death knight!!
The death knight is severely wounded.
The death knight reflects your damage back at you!
Ouch! That really hurt!
You die... ▓▓▓▓▓▓▓▓▓▓▓▓▓▓▓▓▓▓▓▓▓▓▓▓▓▓▓ .e.elyOpT.@.)').[[..)..'___ ▓▓▓▓▓▓▓▓▓▓▓▓▓▓▓▓▓▓▓▓▓▓▓▓▓▓▓

You could see a death knight (reflects damage), a two-headed ogre, a komodo dragon, a deep elf pyromancer, a troll (petrified) and a vampire mosquito.

Vanquished Creatures
  A black bear (D)
  An orc warrior (D)
  A phantom (D)
  A kobold brigand (D)
  A wight (D)
  A jelly (D)
  An orc wizard (D)
  2 adders (D)
  An adder zombie (D)
  A bat zombie (D)
  An endoplasm (D)
  A goblin (D)
  A hobgoblin (D)
  2 ball pythons (D)
16 creatures vanquished.

Notes
Turn   | Place    | Note
-------+----------+-------------------------------------------
     0 | D        | mhtbhm the Deep Elf Earth Elementalist began the quest for
                  | the Orb.
     0 | D        | Reached XP level 1. HP: 10/10 MP: 6/6
   101 | D        | Noticed a black bear
   101 | D        | Noticed a phantom
   101 | D        | Noticed a jelly
   102 | D        | Killed a jelly
   103 | D        | Reached XP level 2. HP: 15/15 MP: 5/9
   103 | D        | Reached XP level 3. HP: 19/19 MP: 6/11
   107 | D        | Killed a phantom
   108 | D        | Reached XP level 4. HP: 24/24 MP: 1/14
   221 | D        | Learned a level 2 spell: Passwall
   225 | D        | Learned a level 3 spell: Stone Arrow
   228 | D        | Killed a black bear
   229 | D        | Reached skill level 5 in Stealth
   229 | D        | Reached XP level 5. HP: 28/28 MP: 10/18
   235 | D        | Learned a level 5 spell: Lee's Rapid Deconstruction
   240 | D        | Learned a level 4 spell: Petrify
   252 | D        | Found a snail-covered altar of Cheibriados.
   252 | D        | Found a shadowy altar of Dithmenos.
   252 | D        | Found a white marble altar of Elyvilon.
   252 | D        | Found a blossoming altar of Fedhas.
   252 | D        | Found an opulent altar of Gozag.
   253 | D        | Found a hazy altar of Hepliaklqana.
   254 | D        | Found a viscous altar of Jiyva.
   255 | D        | Found an ancient bone altar of Kikubaaqudgha.
   256 | D        | Found a corrupted altar of Lugonu.
   257 | D        | Found a burning altar of Makhleb.
   258 | D        | Found a sparkling altar of Nemelex Xobeh.
   259 | D        | Found an iron altar of Okawaru.
   260 | D        | Found a stormy altar of Qazlal.
   261 | D        | Found a sacrificial altar of Ru.
   262 | D        | Found a shimmering blue altar of Sif Muna.
   263 | D        | Found a bloodstained altar of Trog.
   264 | D        | Found a hide-covered altar of Uskayaw.
   265 | D        | Found a radiant altar of Vehumet.
   266 | D        | Found an ornate altar of the Wu Jian Council.
   267 | D        | Found a shimmering altar of Xom.
   268 | D        | Found a basalt altar of Yredelemnul.
   269 | D        | Found a glowing silver altar of Zin.
   270 | D        | Found a glowing golden altar of the Shining One.
   275 | D        | Became a worshipper of Vehumet
   309 | D        | Noticed an orc warrior
   314 | D        | Killed an orc warrior
   314 | D        | Reached * piety under Vehumet
   314 | D        | Offered knowledge of Freeze by Vehumet.
   315 | D        | Reached skill level 10 in Spellcasting
   315 | D        | Reached skill level 10 in Earth Magic
   315 | D        | Reached XP level 6. HP: 32/32 MP: 7/21
   354 | D        | Reached ** piety under Vehumet
   511 | D        | Noticed a deep elf pyromancer
   511 | D        | Noticed a komodo dragon
   511 | D        | Noticed a vampire mosquito
   511 | D        | Noticed a two-headed ogre
   511 | D        | Noticed a death knight
   511 | D        | Noticed a troll
   518 | D        | Killed by mirror damage

Illustrated notes

Levels and vault maps discovered:
D:        linesprint [early_d, line_temple, items_1, d_10, items_2, lair_1,
          lair_end, items_3, orc_1, orc_end, items_4, d_15, swamp_1, shoals_1,
          snake_1, spider_1, d_20, vaults_1, items_5, swamp_end, shoals_end,
          snake_end, spider_end, vaults_end, d_27, items_6, zot_1, zot_end,
          crypt_end, forest_end, elf_end, slime_end, tomb_end, abyss_end,
          pan_hell_end]

Skill      XL: |  1  2  3  4  5  6 |
---------------+-------------------+-----
Earth Magic    | 6 8 9 10 11 | 11.4
Dodging        | 3 4 |  4.9
Stealth        | 3 4 5 6 |  6.0
Spellcasting   | 4 6 9 10 11 | 11.4
Transmutations | 2 |  2.1
Fighting       | |  0.3
Conjurations   | |  0.2

Action                   |  1- 3 |  4- 6 || total
-------------------------+-------+-------++-------
 Cast: Sandblast         |    11 |     6 ||    17
       Stone Arrow       |       |     2 ||     2
       Lee's Rapid Decon |       |     6 ||     6
       Petrify           |       |     1 ||     1
Armor: Robe              |     1 |     2 ||     3
Dodge: Dodged            |     4 |     3 ||     7

Table legend: (Time is in decaauts)
 A = Elapsed time spent in this place.
 B = Non-inter-level travel time spent in this place.
 C = Inter-level travel time spent in this place.
 D = Time resting spent in this place.
 E = Time spent auto-exploring this place.
 F = Levels seen in this place.
 G = Mean time per level.
                   A        B        C        D        E       F      G
               +--------+--------+--------+--------+--------+-----+--------+
         Total |    516 |    516 |      0 |    295 |     37 |   1 |  516.0 |
       Dungeon |    516 |    516 |      0 |    295 |     37 |   1 |  516.0 |
               +--------+--------+--------+--------+--------+-----+--------+

Top non-repeatable levels by time:
       D: 516 daAuts
